 Dungeon Crawl Stone Soup version 0.28.0 (webtiles) character file.

Game seed: 17897090277110089773

2237 vilexy the Destroyer (level 9, -6/45 HPs)
             Began as a Gargoyle Conjurer on Feb 17, 2022.
             Was an Initiate of Ru.
             Mangled by an orc warrior (21 damage)
             ... on level 7 of the Dungeon.
             The game lasted 00:19:31 (7344 turns).

vilexy the Destroyer (Gargoyle Conjurer)            Turns: 7344, Time: 00:19:32

Health: -6/45      AC:  9    Str: 12    XL:     9   Next: 36%
Magic:  12/21      EV: 11    Int: 22    God:    Ru [......]
Gold:   248        SH:  0    Dex:  8    Spells: 13/24 levels left

rFire   . . .      SeeInvis .   w - +2 hand axe (vorpal)
rCold   . . .      Faith    .   z - orb {light}
rNeg    + + .      Spirit   .   a - +0 robe
rPois   ∞          Reflect  .   v - +0 helmet
rElec   +          Harm     .   (no cloak)
rCorr   .          Rampage  .   (no gloves)
Will    +....                   (no boots)
Stlth   +.........              (no amulet)
HPRegen 0.15/turn               n - ring of positive energy
MPRegen 0.17/turn               u - ring of willpower

@: glowing
A: sickness immunity, AC +6, negative energy resistance 1, electricity
resistance, torment resistance 1, petrification resistance
a: Renounce Religion


You were on level 7 of the Dungeon.
You worshipped Ru.
Ru was noncommittal.
You visited 2 branches of the dungeon, and saw 8 of its levels.

You collected 248 gold pieces.

Inventory:

Hand Weapons
 f - a +0 hand axe
 w - a +2 vorpal hand axe (weapon)
Missiles
 q - 253 stones
Armour
 a - a +0 robe (worn)
 v - a +0 helmet (worn)
 z - an orb of light (worn)
Jewellery
 n - a ring of positive energy (left hand)
 u - a ring of willpower (right hand)
Wands
 x - a wand of mindburst (17)
 y - a wand of flame (14)
 G - a wand of iceblast (2)
Scrolls
 c - a scroll of blinking {unknown}
 d - 2 scrolls of amnesia
 e - 2 scrolls of holy word {unknown}
 h - 3 scrolls of teleportation
 i - 2 scrolls of identify
 l - 2 scrolls of fear
 m - 3 scrolls of vulnerability {unknown}
 r - 3 scrolls of immolation {unknown}
 C - a scroll of enchant weapon {unknown}
 D - a scroll of magic mapping {unknown}
 F - a scroll of fog {unknown}
Potions
 b - a potion of ambrosia
 g - a potion of haste
 j - 2 potions of lignification
 k - a potion of brilliance
 o - 2 potions of invisibility
 p - 2 potions of resistance
 s - a potion of degeneration {unknown}
 t - 5 potions of curing
 A - a potion of heal wounds {unknown}
 B - a potion of might {unknown}
 E - a potion of magic {unknown}


   Skills:
 - Level 1.5 Dodging
 - Level 2.1 Stealth
 + Level 8.1 Spellcasting
 + Level 10.4 Conjurations


You had 13 spell levels left.
You knew the following spells:

 Your Spells              Type           Power      Damage    Failure   Level
a - Magic Dart            Conj           100%       1d8       1%          1
b - Searing Ray           Conj           100%       2d8       1%          2
c - Fulminant Prism       Conj/Hex       15%        3d11      9%          4
d - Iskenderun's Mystic   Conj/Tloc      31%        2d8       9%          4

Your spell library contained the following spells:

 Spells                   Type           Power      Damage    Failure   Level
 Dazzling Flash           Conj/Hex       62%        N/A       2%          3
 Slow                     Hex            32%        N/A       8%          1
 Confusing Touch          Hex            8%         N/A       22%         3
 Frozen Ramparts          Ice            16%        1d3       22%         3
 Vampiric Draining        Necr           8%         2d6       22%         3
 Ice Form                 Ice/Tmut       8%         N/A       58%         4
 Summon Ice Beast         Ice/Summ       8%         N/A       58%         4
 Summon Lightning Spire   Summ/Air       8%         N/A       58%         4
 Storm Form               Tmut/Air       4%         N/A       100%        7
 Maxwell's Capacitive Co  Air            4%         ∞         100%        8


Dungeon Overview and Level Annotations

Branches:
Dungeon (7/15)             Temple (1/1) D:7

Altars:
Ashenzari
Cheibriados
Elyvilon
Fedhas
Gozag
Hepliaklqana
Kikubaaqudgha
Makhleb
Nemelex Xobeh
Okawaru
Qazlal
Ru
Sif Muna
Trog
Uskayaw
Wu Jian
Yredelemnul
Zin
The Shining One

Shops:
D:2 [

Portals:
Bailey: D:7

Annotations:
D:4 1 runed translucent door, Crazy Yiuf


Innate Abilities, Weirdness & Mutations

You are immune to sickness and miasma.
Your stone body is resilient. (AC +6)
You are immune to poison.
You resist negative energy. (rN+)
You are resistant to electric shocks. (rElec)
You are resistant to unholy torment.
You are immune to petrification.


Message History

Casting: Searing Ray (safe; 1% risk of failure)
Confirm with . or Enter, or press ? or * to list all spells.
Aiming: Searing Ray (safe; 1% risk of failure)
Press: ? - help, Shift-Dir - straight line, f - orc
Aim: an orc, wielding a +0 hand axe (83% to hit)
The searing ray hits the orc wizard.
The orc wizard is heavily wounded.
The searing ray hits the orc!
You kill the orc! (Press . to maintain the ray.)
The searing ray hits the orc wizard!
You kill the orc wizard!
The searing ray misses the orc warrior.
The searing ray hits the orc warrior!
The orc warrior is moderately wounded.
The searing ray hits the orc!
You kill the orc!
You finish channelling your searing ray.
An orc comes into view. It is wielding a +0 falchion.
Casting: Searing Ray (safe; 1% risk of failure)
Confirm with . or Enter, or press ? or * to list all spells.
Aiming: Searing Ray (safe; 1% risk of failure)
Press: ? - help, Shift-Dir - straight line, f - orc warrior
Aim: an orc warrior, wielding a +0 halberd and wearing a +0 chain mail (moderately wounded, haloed, 85% to hit)
The searing ray hits the orc warrior.
The orc warrior is heavily wounded. (Press . to maintain the ray.)
The orc shouts!
The orc warrior barely misses you.
The searing ray hits the orc warrior.
The orc warrior is severely wounded.
The orc warrior hits you from afar with a +0 halberd!
The searing ray hits the orc warrior.
The orc warrior is almost dead.
The orc warrior hits you from afar with a +0 halberd!
The searing ray hits the orc warrior.
The orc warrior is almost dead.
You finish channelling your searing ray.
The orc warrior hits you from afar with a +0 halberd!!
You die...

#.###### .?# #.# ..#
#.##### .>. ###.....#
### #...###.# #.##
##.#...#.#
########...###....#...#
#..)oo....#(#..#.###..#
#@#....##..###..#
#.#...##[..##..##
##...##....##.##
###..###.>..#..#
####....###.....#.#
#........#...##...###
#.#.........####..... #
#..........####.###
#........#....#..##


You could see an orc warrior and an orc.

Vanquished Creatures
  Pikel (D:5)
  Eustachio (D:4)
  Menkaure (D:4)
  A hornet zombie (D:6)
  A necrophage (D:7)
  An ice beast (D:6)
  2 ogres
  2 phantoms
  2 scorpions
  A wyvern zombie (D:6)
  A water moccasin skeleton (D:5)
  3 wights (D:5)
  3 jellies
  A bullfrog zombie (D:6)
  A centaur zombie (D:5)
  3 hounds
  An orc priest (D:5)
  2 centaur skeletons
  An iguana (D:4)
  An orc wizard (D:7)
  A killer bee zombie (D:5)
  A hound skeleton (D:4)
  A gnoll (D:1)
  3 adders
  An ufetubus (D:2)
  4 dart slugs
  20 orcs
  6 ball pythons
  6 endoplasms
  5 giant cockroaches
  4 goblins
  3 hobgoblins
  7 jackals
  4 quokkas
  9 bats
  A frilled lizard (D:1)
  3 kobolds
  5 rats
114 creatures vanquished.

Notes
Turn   | Place    | Note
-------+----------+-------------------------------------------
     0 | D:1      | vilexy the Gargoyle Conjurer began the quest for the Orb.
     0 | D:1      | Reached XP level 1. HP: 10/10 MP: 3/3
   128 | D:1      | Reached XP level 2. HP: 15/15 MP: 0/5
   372 | D:1      | Learned a level 2 spell: Searing Ray
   475 | D:1      | Found a faded altar of an unknown god.
   557 | D:1      | Reached XP level 3. HP: 19/19 MP: 4/6
   734 | D:1      | Reached skill level 5 in Conjurations
  1065 | D:2      | Found Huytz's Armour Shop.
  1484 | D:2      | Reached XP level 4. HP: 23/24 MP: 1/8
  2454 | D:3      | Found an opulent altar of Gozag.
  2502 | D:3      | Reached XP level 5. HP: 28/28 MP: 8/10
  2955 | D:4      | Learned a level 4 spell: Fulminant Prism
  2960 | D:4      | Learned a level 4 spell: Iskenderun's Mystic Blast
  2960 | D:4      | Noticed a phantom
  2971 | D:4      | Killed a phantom
  2972 | D:4      | Reached skill level 6 in Conjurations
  3254 | D:4      | Noticed Menkaure
  3536 | D:4      | Killed Menkaure
  3537 | D:4      | Reached XP level 6. HP: 32/32 MP: 6/12
  3927 | D:4      | Noticed Eustachio
  3941 | D:4      | Killed Eustachio
  3942 | D:4      | Reached skill level 5 in Spellcasting
  3942 | D:4      | Reached skill level 7 in Conjurations
  3942 | D:4      | Reached XP level 7. HP: 24/36 MP: 3/14
  4282 | D:4      | Found a runed translucent door.
  4283 | D:4      | Noticed Crazy Yiuf
  4605 | D:5      | Entered Level 5 of the Dungeon
  5092 | D:5      | Noticed Pikel
  5098 | D:5      | Killed Pikel
  5099 | D:5      | Reached skill level 8 in Conjurations
  5099 | D:5      | Reached XP level 8. HP: 32/41 MP: 7/18
  5300 | D:5      | Reached skill level 9 in Conjurations
  6071 | D:6      | Noticed a +0 falchion
  6071 | D:6      | Noticed a +0 short sword
  6071 | D:6      | Noticed a +0 falchion
  6072 | D:6      | Noticed a +0 dagger
  6072 | D:6      | Noticed a +0 dagger
  6072 | D:6      | Noticed a +0 spear
  6078 | D:6      | Noticed a +0 spear
  6079 | D:6      | Noticed a +0 short sword
  6204 | D:6      | Found a hide-covered altar of Uskayaw.
  6221 | D:6      | Reached XP level 9. HP: 37/45 MP: 8/20
  6372 | D:6      | Reached skill level 10 in Conjurations
  6829 | D:7      | Found a staircase to the Ecumenical Temple.
  6838 | Temple   | Entered the Ecumenical Temple
  6884 | Temple   | Became a worshipper of Ru the Awakened
  7053 | D:7      | Found a flagged portal.
  7344 | D:7      | Mangled by an orc warrior

Illustrated notes

Levels and vault maps discovered:
D:1:      dpeg_arrival_tiny_a, layout_rooms, shapermc_ecumenical_altar_venn
D:2:      wad_river_or_something, layout_rooms, serial_shops,
          nicolae_shop_advertising_works [nicolae_subvault_shop_adworks],
          serial_rivers, chequers_serial_rivers_small_a,
          chequers_serial_rivers_room_b, chequers_serial_rivers_marsh,
          chequers_serial_rivers_marsh, chequers_serial_rivers_micro_c,
          chequers_serial_rivers_large_a, kennysheep_path_1, feat_on_display
D:3:      layout_basic, nicolae_gozag_cash_rules_everything_around_me
D:4:      layout_rooms, roderic_serpentine_path, uniq_eustachio, uniq_menkaure,
          uniq_crazy_yiuf_cottage
D:5:      layout_cave_pods, kennysheep_generic_room_13, uniq_pikel
D:6:      layout_rooms, nicolae_uskayaw_en_pointe
D:7:      layout_loops_ring, xom_shifter_show, minmay_temple_entry_wispy,
          enter_ossuary_5, enter_bailey_2, st_stairs_1, due_unseen_surprise
Temple:   minmay_crystal_spiral_temple

Skill      XL: |  1  2  3  4  5  6  7  8  9 |
---------------+----------------------------+-----
Conjurations   | 5 6 7 8 9 10 | 10.4
Spellcasting   | 3 4 5 6 7 8 |  8.1
Dodging        | |  1.5
Stealth        | |  2.1

Action                   |  1- 3 |  4- 6 |  7- 9 || total
-------------------------+-------+-------+-------++-------
Melee: Hand axe          |       |     2 |     1 ||     3
       Punch             |       |     1 |       ||     1
 Cast: Magic Dart        |    60 |    79 |    47 ||   186
       Searing Ray       |     1 |     7 |    39 ||    47
  Use: Scroll            |       |       |    10 ||    10
Armor: Robe              |     2 |     7 |    13 ||    22
Dodge: Dodged            |    16 |     9 |    26 ||    51
